Map: 环轨星港

Players

shengy

  • Race: Zerg Zerg
  • League: Platinum

FearMachine - Winner!

  • Race: Zerg Zerg
  • League: Diamond

VOD

Have the link to the VOD?

Description

Time

  • Played on: Dec. 31, 2015, 9:41 p.m.
  • Length: 5:45
Show
View Real Time Build Order
Export as new Build Order

shengy Zerg 

Build Orders: Hatch First, Zergling Baneling 

Get SALT Encoding   

  12  0:01  Drone  
  13  0:08  Drone  
  14  0:17  Overlord  
  14  0:25  Drone, Extractor  
  15  0:36  Drone  
  15  0:37  Drone  
  17  0:44  Drone  
  18  1:00  Hatchery  
  18  1:03  Drone  
  18  1:06  Extractor  
  18  1:07  Drone  
  18  1:23  Spawning Pool  
  17  1:35  Drone  
  17  1:36  Drone  
  17  1:38  Overlord  
  19  1:50  Drone  
  20  2:14  Metabolic Boost  
  20  2:15  Queen  
  20  2:16  Queen  
  20  2:18  Zergling x6  
  27  2:36  Baneling Nest  
  26  2:37  Evolution Chamber, Drone x2  
  27  2:49  Overlord  
  27  3:10  Zergling x12  
  33  3:28  Zergling x12  
  33  3:30  Baneling x2  
  38  4:22  Baneling x5  
  38  4:23  Baneling  
  38  4:25  Overlord  
  38  4:36  Zergling x12  
  44  4:39  Overlord  
  33  5:05  Roach Warren  
  29  5:24  Extractor  
  29  5:25  Drone x5  
  29  5:27  Extractor  
Show
View Real Time Build Order
Export as new Build Order

FearMachine Zerg - Winner!

Build Orders: Pool First 

Get SALT Encoding   

  12  0:02  Drone  
  13  0:09  Drone  
  14  0:17  Overlord  
  14  0:35  Drone x2  
  16  0:37  Drone  
  17  0:48  Drone  
  18  0:53  Spawning Pool  
  17  0:58  Extractor  
  17  1:00  Drone  
  17  1:10  Drone  
  18  1:18  Drone  
  19  1:26  Hatchery  
  19  1:32  Drone  
  19  1:41  Drone  
  19  1:44  Queen  
  22  1:55  Overlord  
  22  2:00  Metabolic Boost  
  22  2:23  Roach Warren  
  21  2:37  Queen  
  21  2:42  Zergling x8  
  27  2:54  Drone  
  27  2:55  Drone x3  
  31  2:59  Drone  
  31  3:01  Drone  
  33  3:07  Drone  
  34  3:20  Drone x2  
  36  3:28  Overlord x3  
  36  3:41  Overlord x2  
  36  3:42  Overlord  
  35  3:50  Roach  
  35  3:51  Roach x4  
  43  3:58  Drone  
  43  3:59  Drone x3  
  46  4:06  Roach  
  48  4:13  Roach x2  
  52  4:21  Roach  
  52  4:22  Roach x3  
  60  4:32  Roach x2  
  60  4:33  Roach x2  
  68  4:43  Roach  
  70  4:57  Roach  
  70  4:58  Zergling x2, Roach  
  70  4:59  Zergling x8  
  69  5:14  Drone  
  69  5:15  Drone x4  
  75  5:25  Drone x2  
Tags
 
Add a new tag
Caveats
  • Supply blocks, unpowered buildings, or Contaminate may cause inaccurate times.
  • Supply counts are checked every 10 seconds.